 Dungeon Crawl Stone Soup version 0.25-a0-665-ga69d640 (webtiles) character file.

Game seed: 8365232219297166680, levelgen mode: deterministic

1373 Faca the Skirmisher (level 8, -1/68 HPs)
             Began as a Human Fighter on Mar 27, 2020.
             Slain by a troll (10 damage)
             ... on level 6 of the Dungeon.
             The game lasted 00:09:44 (5148 turns).

Faca the Skirmisher (Human Fighter)                 Turns: 5148, Time: 00:09:45

Health: -1/68      AC:  9    Str: 25    XL:     8   Next: 98%
Magic:  8/8        EV:  7    Int:  8    God:
Gold:   208        SH: 11    Dex: 13    Spells: 7/7 levels left

rFire    + . .     SeeInvis .   a - +1 long sword
rCold    . . .     Gourm    .   c - +1 kite shield
rNeg     . . .     Faith    .   b - +0 scale mail
rPois    .         Spirit   .   w - +0 helmet
rElec    .         Reflect  .   g - +0 cloak
rCorr    .         Harm     .   (no gloves)
MR       .....                  (no boots)
Stlth    ..........             (no amulet)
HPRegen  0.21/turn              k - +6 ring of strength
MPRegen  0.11/turn              A - ring of protection from fire

@: mighty
A: no striking features
a: no special abilities


You were on level 6 of the Dungeon.
You were not hungry.

You visited 1 branch of the dungeon, and saw 6 of its levels.

You collected 208 gold pieces.

Inventory:

Hand Weapons
 a - a +1 long sword (weapon)
 o - a +1 dagger of venom
Missiles
 m - 11 boomerangs (quivered)
Armour
 b - a +0 scale mail (worn)
 c - a +1 kite shield (worn)
 g - a +0 cloak (worn)
 w - a +0 helmet (worn)
Jewellery
 k - a +6 ring of strength (left hand)
 A - a ring of protection from fire (right hand)
Wands
 v - a wand of enslavement (10)
Scrolls
 n - a scroll of blinking {unknown}
 t - 2 scrolls of enchant armour
 y - 2 scrolls of enchant weapon
 z - a scroll of fear
Potions
 e - a potion of lignification
 h - 2 potions of mutation
 j - 3 potions of flight
 l - a potion of curing
 q - a potion of resistance
 r - a potion of cancellation
 u - 2 potions of brilliance {unknown}
Comestibles
 f - 16 rations


   Skills:
 + Level 7.9 Fighting
 + Level 7.5 Long Blades
 - Level 3.0 Armour
 - Level 3.0 Shields


You had 7 spell levels left.
You didn't know any spells.
Your spell library contained the following spells:

 Spells                   Type           Power        Failure   Level  Hunger
 Animate Skeleton         Necr           N/A          99%         1    ##.....
 Pain                     Necr           #...         99%         1    ##.....
 Vampiric Draining        Necr           #.........   100%        3    ####...
 Animate Dead             Necr           N/A          100%        4    #####..
 Agony                    Necr           #.......     100%        5    ######.


Dungeon Overview and Level Annotations

Branches:
Dungeon (6/15)
 Temple: D:4-7

Altars:
Nemelex Xobeh
The Shining One

Annotations:
D:4 1 runed translucent door, Atlas's ghost, amateur DsMo


Message History

You throw a boomerang. The boomerang barely misses the troll.
You feel very mighty all of a sudden. The troll bites you!
The troll claws you. x2
You barely miss the troll. You block the troll's attack. x2
The troll claws you!
You closely miss the troll. The troll bites you but does no damage.
The troll claws you. You block the troll's attack.
You slice the troll!!
The troll is heavily wounded.
The troll bites you! The troll claws you! x2
* * * LOW HITPOINT WARNING * * *
Your shield prevents you from hitting the troll.
The troll is heavily wounded.
You block the troll's attack. x2; The troll claws you but does no damage.
You closely miss the troll.
The troll is heavily wounded.
You block the troll's attack. The troll claws you.
* * * LOW HITPOINT WARNING * * *
The troll claws you!
You die...

..... ......#.
##... #.......
.... #...
#....... .....
#...
#......#......
#...
#......#.......
####
#......#........
#.....T#........
#.....@.......#
#.............#
#.............#
#.............##
#####...........
#<..........#
#...........#
#...........#
#...........#


You could see a troll.

Vanquished Creatures
  Grinder (D:5)
  An ice beast (D:6)
  2 phantoms (D:6)
  A sky beast (D:6)
  An ogre (D:5)
  A water moccasin zombie (D:6)
  3 howler monkeys
  2 crimson imps (D:5)
  A centaur zombie (D:6)
  2 hounds
  4 orc priests
  A centaur skeleton (D:5)
  2 iguanas
  2 worker ants
  3 adders
  A shadow imp (D:3)
  An adder skeleton (D:6)
  3 worms
  2 dart slugs (D:1)
  3 leopard geckos
  19 orcs
  9 bats
  12 giant cockroaches
  12 goblins
  14 hobgoblins
  3 jackals (D:6)
  3 quokkas
  A ball python (D:2)
  7 frilled lizards
  7 kobolds
  6 rats
130 creatures vanquished.

Notes
Turn   | Place    | Note
-------+----------+-------------------------------------------
     0 | D:1      | Faca the Human Fighter began the quest for the Orb.
     0 | D:1      | Reached XP level 1. HP: 18/18 MP: 1/1
   140 | D:1      | Reached XP level 2. HP: 24/24 MP: 2/2
   576 | D:1      | Reached XP level 3. HP: 27/29 MP: 3/3
  1368 | D:2      | Found a glowing golden altar of the Shining One.
  1519 | D:2      | Reached XP level 4. HP: 37/37 MP: 4/4
  2202 | D:3      | Reached XP level 5. HP: 42/42 MP: 5/5
  2770 | D:4      | Reached XP level 6. HP: 43/50 MP: 6/6
  2876 | D:4      | Reached skill level 5 in Fighting
  3433 | D:4      | Found a runed translucent door.
  3436 | D:4      | Noticed Atlas's ghost (amateur DsMo)
  3534 | D:5      | Entered Level 5 of the Dungeon
  3640 | D:5      | Reached skill level 5 in Long Blades
  3736 | D:5      | Reached XP level 7. HP: 51/56 MP: 7/7
  3785 | D:5      | Noticed Grinder
  3810 | D:5      | Paralysed by Grinder for 5 turns
  3825 | D:5      | Killed Grinder
  3937 | D:5      | Found a sparkling altar of Nemelex Xobeh.
  4060 | D:5      | Reached XP level 8. HP: 64/65 MP: 8/8
  5139 | D:6      | Noticed a troll
  5148 | D:6      | Slain by a troll

Levels and vault maps discovered:
D:1:      dpeg_arrival_windows_large_door, layout_basic
D:2:      minmay_roachtagon, layout_loops_ring, tso_altar
D:3:      layout_rooms, first_ration, minmay_goblin_outpost
D:4:      layout_basic, ebering_ghost_reflecting_pool
D:5:      layout_cave_pools, nemelex_spade_bored_becter, uniq_grinder
D:6:      layout_basic

Skill      XL: |  1  2  3  4  5  6  7  8 |
---------------+-------------------------+-----
Long Blades    | 3 4 5 6 7 |  7.5
Fighting       | 4 5 6 7 |  7.9
Armour         | |  3.0
Shields        | |  3.0

Action                   |  1- 3 |  4- 6 |  7- 9 || total
-------------------------+-------+-------+-------++-------
Melee: Long sword        |   106 |   223 |   164 ||   493
Throw: Boomerang         |       |       |    12 ||    12
       Throwing net      |       |       |     1 ||     1
  Use: Scroll            |     5 |    10 |     2 ||    17
       Potion            |       |       |     2 ||     2
 Stab: Held in net/web   |       |       |     1 ||     1
  Eat: Chunk             |     2 |     7 |     6 ||    15
Armor: Scale mail        |    57 |    83 |    78 ||   218
Dodge: Dodged            |    39 |    69 |    52 ||   160
Block: Kite shield       |    54 |   122 |    96 ||   272
       Rpst.: Long sword |    14 |    18 |    15 ||    47

Table legend:
 A = Non-vault XP
 B = Vault XP
 C = Vault XP percentage of total XP
 D = Non-vault monster count
 E = Vault monster count
 F = Vault count percentage of total count
                 A         B        C        D         E       F
            +---------+---------+-------+---------+---------+-------
      Total |    1668 |     294 |  15.0 |     113 |      17 |  13.1
            +---------+---------+-------+---------+---------+-------
        D:1 |      38 |       0 |   0.0 |      22 |       0 |   0.0
        D:2 |      23 |      16 |  41.0 |      14 |       8 |  36.4
        D:3 |      94 |      16 |  14.5 |      32 |       8 |  20.0
        D:4 |     171 |       0 |   0.0 |       6 |       0 |   0.0
        D:5 |     448 |     262 |  36.9 |      15 |       1 |   6.2
        D:6 |     894 |       0 |   0.0 |      24 |       0 |   0.0
            +---------+---------+-------+---------+---------+-------
